 Dungeon Crawl Stone Soup version 0.29-a0-321-gf1c400731a (webtiles) character file.

Game seed: 7273434833308928845

1 zishaf the Caller (level 1, 0/13 HPs)
             Began as a Barachi Summoner on Apr 4, 2022.
             Slain by a jackal (1 damage)
             ... on level 1 of the Dungeon.
             The game lasted 00:01:05 (61 turns).

zishaf the Caller (Barachi Summoner)                  Turns: 61, Time: 00:01:05

Health: 0/13       AC:  2    Str:  9    XL:     1   Next: 20%
Magic:  0/3        EV: 12    Int: 15    God:
Gold:   0          SH:  0    Dex: 12    Spells: 3/4 levels left

rFire   . . .      SeeInvis .   (no weapon)
rCold   . . .      Faith    .   (no shield)
rNeg    . . .      Spirit   .   a - +0 robe
rPois   .          Reflect  .   (no helmet)
rElec   .          Harm     .   (no cloak)
rCorr   .          Rampage  .   (no gloves)
Will    .....                   (no boots)
Stlth   ++........              (no amulet)
HPRegen 0.04/turn               (no ring)
MPRegen 0.08/turn               (no ring)

@: unable to hop, slow
A: amphibious, slowness 1, strong legs 1, +LOS
a: Hop


You were on level 1 of the Dungeon.
You visited 1 branch of the dungeon, and saw 1 of its levels.

Inventory:

Armour
 a - a +0 robe (worn)
Potions
 b - a potion of magic


   Skills:
 + Level 0.1 Fighting
 - Level 2.1 Dodging
 - Level 1.7 Stealth
 + Level 2.2 Spellcasting
 * Level 4.8 Summonings


You had 3 spell levels left.
You knew the following spells:

 Your Spells              Type           Power      Damage    Failure   Level
c - Summon Small Mammal   Summ           64%        N/A       3%          1

Your spell library contained the following spells:

 Spells                   Type           Power      Damage    Failure   Level
 Call Imp                 Summ           16%        N/A       4%          2
 Call Canine Familiar     Summ           16%        N/A       9%          3
 Slow                     Hex            4%         N/A       22%         1
 Summon Guardian Golem    Hex/Summ       9%         N/A       24%         3
 Confusing Touch          Hex            1%         N/A       54%         3
 Vampiric Draining        Necr           1%         2d6       54%         3
 Summon Lightning Spire   Summ/Air       9%         N/A       61%         4


Dungeon Overview and Level Annotations

Branches:
Dungeon (1/15)

Altars:


Innate Abilities, Weirdness & Mutations

You are amphibious.
You cover ground slowly.
You can hop short distances.
You have an extended range of vision and can be seen from far away.


Message History

Confirm with . or Enter, or press ? or * to list all spells.
The bat barely misses you. The bat attacks as you move away!
The bat hits you but does no damage.
A nearby fungus withers and dies.
The bat misses you. The bat barely misses you.
Your rat bites the bat.
The bat barely misses you. The goblin hits you with a +0 club.
The bat hits you but does no damage.
Your rat bites the jackal but does no damage.
The bat hits you but does no damage. The bat hits you but does no damage. x2
The bat attacks as you move away! The bat barely misses you. x2
The quokka bites your rat but does no damage.
Your rat completely misses the quokka.
The jackal bites you but does no damage.
The quokka closely misses your rat.
Your rat bites the quokka.
Your rat barely misses the quokka.
The jackal attacks as you move away! The jackal barely misses you.
The jackal closely misses you.
Your rat barely misses the goblin.
The jackal bites you.
* * * LOW HITPOINT WARNING * * *
The jackal attacks as you move away!
The jackal bites you but does no damage.
Your rat barely misses the goblin.
The jackal bites you but does no damage.
Okay, then.
Casting: Summon Small Mammal (safe; 3% risk of failure)
Confirm with . or Enter, or press ? or * to list all spells.
The jackal bites you.
* * * LOW HITPOINT WARNING * * *
The jackal barely misses you.
Your rat barely misses the endoplasm.
The endoplasm barely misses your rat. The endoplasm hits your rat.
Your rat dies!
Your rat's corpse disappears in a puff of smoke!
The jackal bites you.
* * * LOW HITPOINT WARNING * * *
The jackal attacks as you move away! The jackal barely misses you.
The jackal closely misses you.
Your quokka bites the jackal but does no damage.
The jackal attacks as you move away! The jackal bites you.
You die...

. #. .. .# .# .#
..#################.#
#........rhg........#
#...@hb.gJ.JJ..#
#..♣♣♣♣♣♣♣♣♣B..######
########g♣....PP..♣........
......##r♣PP..P...♣.g.#....
.......#.♣..PP...P♣..## ...
.........♣..P.<.PP♣r.# ...
.........♣PP...P..♣..##....
.........♣P...PP..♣JJ......
.........♣...P..PP♣J.##....


You could see 3 endoplasms, 2 jackals, a giant cockroach, 2 goblins, a bat and a
friendly quokka (summoned).

Vanquished Creatures (collateral kills)
  A bat (D:1)
1 creature vanquished.

Vanquished Creatures (others)
  7 fungi (D:1)
7 creatures vanquished.

Grand Total: 8 creatures vanquished

Notes
Turn   | Place    | Note
-------+----------+-------------------------------------------
     0 | D:1      | zishaf the Barachi Summoner began the quest for the Orb.
     0 | D:1      | Reached XP level 1. HP: 13/13 MP: 3/3
    61 | D:1      | Slain by a jackal

Illustrated notes

Levels and vault maps discovered:
D:1:      scummos_arrival_checkerplants, layout_rooms

Action                   || total
-------------------------++-------
Melee: Unarmed           ||     2
 Cast: Summon Small Mamm ||     7
 Abil: Hop               ||     1
Armor: Robe              ||    16
Dodge: Dodged            ||    24

Table legend: (Time is in decaauts)
 A = Elapsed time spent in this place.
 B = Non-inter-level travel time spent in this place.
 C = Inter-level travel time spent in this place.
 D = Time resting spent in this place.
 E = Time spent auto-exploring this place.
 F = Levels seen in this place.
 G = Mean time per level.
                   A        B        C        D        E       F      G
               +--------+--------+--------+--------+--------+-----+--------+
         Total |     70 |     70 |      0 |      0 |      3 |   1 |   70.0 |
       Dungeon |     70 |     70 |      0 |      0 |      3 |   1 |   70.0 |
               +--------+--------+--------+--------+--------+-----+--------+

Top non-repeatable levels by time:
     D:1: 70 daAuts
